 Dungeon Crawl Stone Soup version 0.28.0-1-gb440e238dd (webtiles) character file.

Game seed: 16689021425346571664

115 hikkokomori the Digger (level 5, -2/25 HPs)
             Began as a Gargoyle Earth Elementalist on Feb 20, 2022.
             Was a Believer of Hepliaklqana.
             Slain by an ogre (13 damage)
             ... on level 4 of the Dungeon.
             The game lasted 00:07:12 (3699 turns).

hikkokomori the Digger (GrEE)                       Turns: 3699, Time: 00:07:13

Health: -2/25      AC: 11    Str: 11    XL:     5   Next: 0%
Magic:  2/8        EV: 10    Int: 18    God:    Hepliaklqana [**....]
Gold:   153        SH:  0    Dex: 10    Spells: 2/8 levels left

rFire   . . .      SeeInvis .   f - +0 battleaxe
rCold   . . .      Faith    +   (shield currently unavailable)
rNeg    + . .      Spirit   .   e - +0 ring mail
rPois   ∞          Reflect  .   g - +0 helmet
rElec   +          Harm     .   (no cloak)
rCorr   .          Rampage  .   (no gloves)
Will    .....                   s - +0 pair of boots
Stlth   ++........              i - amulet of faith
HPRegen 0.08/turn               (no ring)
MPRegen 0.11/turn               (no ring)

@: very slightly contaminated
A: reduced essence, sickness immunity, AC +4, negative energy resistance 1,
electricity resistance, torment resistance 1, petrification resistance
a: Renounce Religion, Recall Ancestor, Ancestor Identity


You were on level 4 of the Dungeon.
You worshipped Hepliaklqana.
Hepliaklqana was pleased with you.
You visited 1 branch of the dungeon, and saw 4 of its levels.

You collected 153 gold pieces.

Inventory:

Hand Weapons
 d - a +0 club
 f - a +0 battleaxe (weapon)
Missiles
 c - 135 stones
Armour
 b - a +0 robe
 e - a +0 ring mail (worn)
 g - a +0 helmet (worn)
 s - a +0 pair of boots (worn)
Magical Staves
 r - a staff of poison
Jewellery
 i - an amulet of faith (around neck)
Scrolls
 j - 3 scrolls of noise {unknown}
 k - a scroll of teleportation {unknown}
 n - a scroll of magic mapping
 o - 2 scrolls of identify {unknown}
 q - a scroll of torment {unknown}
 t - a scroll of immolation {unknown}
 u - a scroll of amnesia {unknown}
Potions
 a - a potion of haste {unknown}
 h - 2 potions of attraction {unknown}
 l - a potion of curing {unknown}
 m - a potion of flight {unknown}
 p - a potion of heal wounds {unknown}


   Skills:
 - Level 1.5 Dodging
 + Level 3.7 Stealth
 + Level 2.1 Spellcasting
 + Level 0.6 Conjurations
 - Level 2.0 Transmutations
 + Level 4.8 Earth Magic


You had 2 spell levels left.
You knew the following spells:

 Your Spells              Type           Power      Damage    Failure   Level
a - Sandblast             Erth           38%        2d10      6%          1
b - Passwall              Tmut/Erth      11%        N/A       16%         2
c - Stone Arrow           Conj/Erth      22%        3d8       38%         3

Your spell library contained the following spells:

 Spells                   Type           Power      Damage    Failure   Level
 Petrify                  Tmut/Erth      14%        N/A       71%         4
 Gell's Gravitas          Tloc           1%         N/A       78%         3
 Summon Guardian Golem    Hex/Summ       1%         N/A       78%         3
 Teleport Other           Tloc           1%         N/A       78%         3
 Animate Armour           Summ/Erth      20%        N/A       85%         4
 Blade Hands              Tmut           4%         N/A       99%         5
 Dispersal                Tloc           0%         N/A       100%        6
 Iron Shot                Conj/Erth      5%         9d2       100%        6
 Orb of Destruction       Conj           2%         9d5       100%        7
 Spellforged Servitor     Conj/Summ      1%         N/A       100%        7


Dungeon Overview and Level Annotations

Branches:
Dungeon (4/15)
 Temple: D:4-7

Altars:
Dithmenos
Hepliaklqana
Kikubaaqudgha
Uskayaw
Vehumet


Innate Abilities, Weirdness & Mutations

Your life essence is reduced to manifest your ancestor. (-10% HP)
You are immune to sickness and miasma.
Your stone body is resilient. (AC +4)
You are immune to poison.
You resist negative energy. (rN+)
You are resistant to electric shocks. (rElec)
You are resistant to unholy torment.
You are immune to petrification.


Message History

The blast of sand hits the kobold.
You kill the kobold!
You have reached level 5!
Casting: Sandblast (safe; 6% risk of failure)
Confirm with . or Enter, or press ? or * to list all spells.
Aiming: Sandblast (safe; 6% risk of failure)
Press: ? - help, Shift-Dir - straight line, f/p - ogre
Aim: an ogre, wielding a +0 giant club (90% to hit)
The blast of sand hits the ogre!
The ogre is moderately wounded.
Thamphthis casts a spell at the ogre.
The ogre resists with some effort.
Casting: Sandblast (safe; 6% risk of failure)
Confirm with . or Enter, or press ? or * to list all spells.
Aiming: Sandblast (safe; 6% risk of failure)
Press: ? - help, Shift-Dir - straight line, f/p - ogre
Aim: an ogre, wielding a +0 giant club (moderately wounded, ally target, 90% to hit)
The blast of sand hits the ogre!
The ogre is severely wounded.
The ogre hits you with a +0 giant club!
Ouch! That really hurt!
Casting: Sandblast (safe; 6% risk of failure)
Confirm with . or Enter, or press ? or * to list all spells.
Aiming: Sandblast (safe; 6% risk of failure)
Press: ? - help, Shift-Dir - straight line, f/p - ogre
Aim: an ogre, wielding a +0 giant club (severely wounded, ally target, 90% to hit)
You miscast Sandblast.
You are very lightly contaminated with residual magic.
Nothing appears to happen.
The ogre hits you but does no damage.
Casting: Sandblast (safe; 6% risk of failure)
Confirm with . or Enter, or press ? or * to list all spells.
Aiming: Sandblast (safe; 6% risk of failure)
Press: ? - help, Shift-Dir - straight line, f/p - ogre
Aim: an ogre, wielding a +0 giant club (severely wounded, ally target, 90% to hit)
The blast of sand hits the ogre!
The ogre is almost dead.
Thamphthis casts a spell at the ogre.
The ogre resists with some effort.
The ogre hits you with a +0 giant club!
Ouch! That really hurt!
You die...

###># ##...###
#....).#
)_.....###.#
....#.. #.#
...
######.#######
#. #....<....#
# #.#.#R###.#
#.#..#@# #
#.###O# ..##
#O. ..# #...
.... ..... .##
..#. ... ..#


You could see the friendly Thamphthis the hexer and 2 ogres.

Vanquished Creatures
  An adder (D:2)
  2 worms
  3 dart slugs
  4 orcs (D:3)
  6 bats
  5 endoplasms
  3 hobgoblins
  A jackal (D:3)
  A quokka (D:3)
  4 ball pythons
  6 frilled lizards
  3 goblins
  8 kobolds
  8 rats
55 creatures vanquished.

Vanquished Creatures (collateral kills)
  3 worms
  3 orcs (D:3)
  2 ball pythons
  6 bats
  2 endoplasms (D:2)
  2 hobgoblins
  6 frilled lizards
  2 kobolds
26 creatures vanquished.

Grand Total: 81 creatures vanquished

Notes
Turn   | Place    | Note
-------+----------+-------------------------------------------
     0 | D:1      | hikkokomori the Gargoyle Earth Elementalist began the quest
                  | for the Orb.
     0 | D:1      | Reached XP level 1. HP: 10/10 MP: 3/3
    86 | D:1      | Reached skill level 1 in Transmutations
    90 | D:1      | Reached XP level 2. HP: 10/15 MP: 0/5
   487 | D:1      | Found a faded altar of an unknown god.
   492 | D:1      | Reached skill level 4 in Earth Magic
   497 | D:1      | Prayed at the altar of an unknown god.
   497 | D:1      | Became a worshipper of Hepliaklqana the Forgotten
   497 | D:1      | Reached * piety under Hepliaklqana
  1009 | D:1      | Reached XP level 3. HP: 9/17 MP: 6/6
  1912 | D:2      | Found a shadowy altar of Dithmenos.
  1941 | D:2      | Reached ** piety under Hepliaklqana
  1942 | D:2      | Remembered your ancestor Thamphthis as a hexer
  2244 | D:2      | Reached XP level 4. HP: 16/21 MP: 7/7
  2757 | D:3      | Learned a level 2 spell: Passwall
  2761 | D:3      | Learned a level 3 spell: Stone Arrow
  2987 | D:3      | Found a radiant altar of Vehumet.
  3331 | D:3      | Found a hide-covered altar of Uskayaw.
  3678 | D:4      | Found an ancient bone altar of Kikubaaqudgha.
  3693 | D:4      | Noticed an ogre
  3693 | D:4      | Noticed an ogre
  3696 | D:4      | Reached XP level 5. HP: 25/25 MP: 6/8
  3699 | D:4      | Slain by an ogre

Illustrated notes

Levels and vault maps discovered:
D:1:      minmay_arrival_cross, layout_basic,
          shapermc_ecumenical_altar_notcrosses
D:2:      layout_basic, basic_altar, kennysheep_generic_room_10
D:3:      layout_basic, mainiacjoe_overflow_catwalk_spiral,
          minmay_joined_circles
D:4:      layout_loops_ring, nicolae_kikubaaqudgha_miasma_corner, serial_shops,
          nicolae_shop_behind_doors, minivault_25, nzn_random_ring, uniq_edmund

Skill      XL: |  1  2  3  4 |
---------------+-------------+-----
Transmutations | 1 2 |  2.0
Earth Magic    | 4 |  4.8
Stealth        | 3 |  3.7
Dodging        | |  1.5
Spellcasting   | |  2.1
Conjurations   | |  0.6

Action                   |  1- 3 |  4- 6 || total
-------------------------+-------+-------++-------
Melee: Unarmed           |    13 |       ||    13
       Battleaxe         |   127 |   106 ||   233
 Cast: Sandblast         |    14 |     5 ||    19
Invok: Ancestor Identity |     1 |       ||     1
       Ancestor Life: He |     1 |       ||     1
  Use: Scroll            |     1 |       ||     1
 Stab: Distracted        |     3 |     1 ||     4
       Sleeping          |     2 |     3 ||     5
       Confused          |       |     1 ||     1
Armor: Robe              |     2 |       ||     2
       Ring mail         |   103 |    62 ||   165
Dodge: Dodged            |   124 |    75 ||   199
